 Dungeon Sprint DCSS version 0.18-a0-750-g37044d6 (webtiles) character file.

454 kosy22 the Ducker (level 6, -5/67 HPs)
             Began as a Troll Fighter on Dec 11, 2015.
             Was a Believer of Pakellas.
             Slain by a deep elf knight
             ... wielding a +0 long sword
              (11 damage)
             ... in the Dungeon (Sprint V: "Ziggurat Sprint").
             The game lasted 00:04:58 (222 turns).

kosy22 the Ducker (Troll Fighter)                    Turns: 222, Time: 00:04:59

Health: -5/67      AC: 18    Str: 39    XL:     6   Next: 76%
Magic:  5/5        EV:  4    Int:  4    God:    Pakellas [**....]
Gold:   0          SH: 30    Dex:  9    Spells: 0 memorised, 5 levels left

rFire  . . .     SeeInvis .       - Unarmed
rCold  . . .     Clarity  .     I - +5 shadow dragon armour
rNeg   + . .     SustAt   .     J - +18 shield of the gong {rElec rN+ MR+ EV-5}
rPois  .         Gourm    +     (helmet restricted)
rElec  +         Spirit   .     (no cloak)
rCorr  .         Dismiss  .     (gloves unavailable)
rMut   .         NoTele   +     (boots unavailable)
MR     +....                    (no amulet)
Stlth  ++........               H - +6 ring of strength
                                G - +6 ring of strength

@: exhausted, slowed, drained, very slow, somewhat resistant to hostile
enchantments, unstealthy
A: unfitting armour, claws 3, fast metabolism 3, gourmand, regeneration 2,
shaggy fur 1, tough skin 2
a: Quick Charge, Renounce Religion


You were in the Dungeon.
You worshipped Pakellas.
Pakellas was pleased with you.
You were not hungry.

You visited 1 branch

Inventory:

Hand Weapons
 K - the +8 lance "Wyrmbane" {slay drac, +Rage rPois rF+ AC+5}
   (You found it in the Dungeon)

   It affects your AC (+5).
   It protects you from fire.
   It protects you from poison.
   It lets you go berserk.
 L - the +7 great mace "Firestarter" {inner flame, rF++}
   (You found it in the Dungeon)

   It has been specially enchanted to burn those struck by it, causing extra
   injury to most foes and up to half again as much damage against particularly
   susceptible opponents.
   It greatly protects you from fire.
 M - the +5 mace of Sudden Death {drain, rPois Str+9 Dex-5 SInv}
   (You found it in the Dungeon)

   A truly terrible weapon, it drains the life of those it strikes.
   It affects your strength (+9).
   It affects your dexterity (-5).
   It protects you from poison.
   It lets you see invisible.
Armour
 a - a +0 robe
 b - a +0 shield
 I - a +5 shadow dragon armour (worn)
 J - the +18 shield of the gong (worn) {rElec rN+ MR+ EV-5}
   (You found it in the Dungeon)

   It affects your evasion (-5).
   It insulates you from electricity.
   It protects you from negative energy.
   It affects your resistance to hostile enchantments.
Jewellery
 C - a +6 ring of dexterity
 D - a +6 ring of dexterity
 E - a +6 ring of intelligence
 F - a +6 ring of intelligence
 G - a +6 ring of strength (left claw)
 H - a +6 ring of strength (right claw)
Wands
 y - a wand of disintegration (6)
 z - a wand of fire (5)
 A - a wand of cold (5)
 B - a wand of draining (4)
 N - a wand of lightning (4)
Scrolls
 j - 4 scrolls of blinking
 p - 4 scrolls of amnesia
 q - 3 scrolls of recharging
 r - 7 scrolls of fog
 s - a scroll of holy word
 t - 5 scrolls of identify
 u - 5 scrolls of remove curse
 v - 2 scrolls of fear
Potions
 c - 6 potions of might
 e - 9 potions of curing
 f - 8 potions of heal wounds
 g - 6 potions of haste
 h - 7 potions of magic
 i - 3 potions of berserk rage
 k - 2 potions of brilliance
 l - 2 potions of invisibility
 m - 4 potions of resistance
 n - a potion of experience
 o - 5 potions of agility
Comestibles
 d - 6 bread rations
 w - 42 fruits
 x - 4 meat rations


   Skills:
 + Level 6.0(5.7) Fighting
 + Level 1.0(0.8) Maces & Flails
 + Level 0.2(0.0) Polearms
 + Level 2.1(1.9) Armour
 + Level 7.3(7.0) Dodging
 + Level 7.3(7.0) Shields
 + Level 4.5(4.2) Unarmed Combat
 + Level 0.7(0.4) Evocations


You had 5 spell levels left.
You didn't know any spells.

Dungeon Overview and Level Annotations

Branches:
Dungeon (1/1)

Altars:
Ashenzari
Cheibriados
Dithmenos
Elyvilon
Fedhas
Gozag
Kikubaaqudgha
Makhleb
Nemelex Xobeh
Okawaru
Pakellas
Qazlal
Ru
Sif Muna
Trog
Vehumet
Xom
Yredelemnul
Zin
The Shining One
Beogh
Jiyva
Lugonu


Innate Abilities, Weirdness & Mutations

You are too large for most types of armour.
You have claws for hands.
Your metabolism is lightning-fast.
You like to eat raw meat.
You heal very quickly.
You are covered in fur (AC +1).
You have very tough skin (AC +2).


Message History

Drink which item? (? for menu, Esc to quit)
You feel much better.
You hear some strange, mumbled words.
A shard of ice appears from out of thin air!
You block the shard of ice.
GONNNNG!
Something hits you!
* * * LOW HITPOINT WARNING * * *
The deep elf conjurer hits you but does no damage.
Evoke which item? (* to show all) (? for menu, Esc to quit)
Zapping:
y - a wand of disintegration (7)
Press: ? - help, Shift-Dir - straight line, f - deep elf conjurer
Aim: a deep elf conjurer, wielding a short sword and wearing a chain mail (lightly wounded, chance to defeat MR: 18%)
The deep elf conjurer resists with almost no effort.
This wand has 6 charges left.
Something hits you!
* * * LOW HITPOINT WARNING * * *
You block the deep elf conjurer's attack.
PTOANNNG!
Something hits you!
You die...

▓▓▓▓▓▓▓▓▓▓▓▓▓▓▓▓▓▓▓
▓.8©8.▓.8©8.▓.8©8.▓
▓.))[.▓.)=|.▓.....▓
▓..)e.▓.....▓...|.▓
▓.){@.▓...†.▓.....▓
▓...).▓.....▓.....▓
▓.....▓.....▓.....▓
▓..(..▓.....▓▓▓▓▓▓▓
▓▓▓▓▓▓▓▓▓▓▓▓▓


You could see a deep elf conjurer.

Vanquished Creatures
  A deep elf fighter (D)
  A deep elf mage (D)
  A phantom (D)
  A necrophage (D)
  An adder (D)
  A ball python (D)
  A giant cockroach zombie (D)
7 creatures vanquished.

Vanquished Creatures (others)
  A spatial maelstrom (D)
1 creature vanquished.

Grand Total: 8 creatures vanquished

Notes
Turn   | Place    | Note
--------------------------------------------------------------
     0 | D        | kosy22 the Troll Fighter began the quest for the Orb.
     0 | D        | Reached XP level 1. HP: 22/22 MP: 0/0
     0 | D        | Found a viscous altar of Jiyva.
     0 | D        | Found a roughly hewn altar of Beogh.
     0 | D        | Found a corrupted altar of Lugonu.
     0 | D        | Found a white marble altar of Elyvilon.
     0 | D        | Found a sparkling altar of Nemelex Xobeh.
     1 | D        | Found a burning altar of Makhleb.
     1 | D        | Found an iron altar of Okawaru.
     1 | D        | Found a deep blue altar of Sif Muna.
     1 | D        | Found a radiant altar of Vehumet.
     1 | D        | Found a bloodstained altar of Trog.
     1 | D        | Found a shimmering altar of Xom.
     1 | D        | Banished a spatial maelstrom
   114 | D        | Became a worshipper of Pakellas the Inventive
   134 | D        | Entered arena 1.
   136 | D        | Reached skill level 3 in Fighting
   136 | D        | Reached XP level 2. HP: 29/31 MP: 1/1
   137 | D        | Reached * piety under Pakellas
   141 | D        | Got the +5 mace of Sudden Death {drain, rPois Str+9 Dex-5 SInv}
   147 | D        | Entered arena 2.
   147 | D        | Noticed a phantom
   147 | D        | Noticed a necrophage
   157 | D        | Killed a necrophage
   157 | D        | Reached skill level 4 in Fighting
   157 | D        | Reached XP level 3. HP: 37/40 MP: 2/2
   157 | D        | Reached XP level 4. HP: 45/49 MP: 3/3
   192 | D        | Killed a phantom
   192 | D        | Reached ** piety under Pakellas
   192 | D        | Received a gift from Pakellas
   192 | D        | Reached skill level 5 in Fighting
   192 | D        | Reached skill level 5 in Dodging
   192 | D        | Reached skill level 5 in Shields
   192 | D        | Reached XP level 5. HP: 55/57 MP: 4/4
   197 | D        | Entered arena 3.
   197 | D        | Noticed a deep elf mage
   197 | D        | Noticed a deep elf conjurer
   197 | D        | Noticed a deep elf fighter
   197 | D        | Noticed a deep elf knight
   211 | D        | Killed a deep elf mage
   211 | D        | Reached skill level 1 in Armour
   211 | D        | Reached skill level 6 in Dodging
   211 | D        | Reached XP level 6. HP: 40/67 MP: 5/5
   215 | D        | Killed a deep elf fighter
   215 | D        | Reached skill level 1 in Maces & Flails
   215 | D        | Reached skill level 7 in Dodging
   222 | D        | Slain by a deep elf knight

Vault maps used:
D:        sprint_v

Action                   |  1- 3 |  4- 6 || total
-------------------------+-------+-------++-------
Melee: Unarmed           |     3 |    25 ||    28
       Mace              |     5 |       ||     5
       Lance             |       |     3 ||     3
 Abil: Evoke Berserk Rag |       |     1 ||     1
Evoke: Wand              |       |     4 ||     4
  Use: Potion            |       |     3 ||     3
